 Dungeon Crawl Stone Soup version 0.30-a0-23-ge60ba3568b (webtiles) character file.

Game seed: 10644030470212349001

6910 Newt the Covert (level 10, 0/83 HPs)
             Began as a Demonspawn Gladiator on Aug 25, 2022.
             Was a Believer of Dithmenos.
             Slain by a death yak simulacrum (12 damage)
             ... in an ice cave.
             The game lasted 00:15:51 (9793 turns).

Newt the Covert (Demonspawn Gladiator)              Turns: 9793, Time: 00:15:52

Health: 0/83       AC: 10    Str: 18    XL:     10   Next: 79%
Magic:  10/10      EV: 13    Int: 16    God:    Dithmenos [**....]
Gold:   84         SH:  0    Dex: 22    Spells: 9/9 levels left

rFire   x . .      SeeInvis .    D - +4 long sword "Ymonywem" {flame, rCorr Int+3}
rCold   + + .      Faith    .    (no shield)
rNeg    . . .      Spirit   .    n - +2 chain mail {rC+}
rPois   +          Reflect  .    (helmet restricted)
rElec   .          Harm     .    (no cloak)
rCorr   +          Rampage  .    (no gloves)
Will    .....                    (no boots)
Stlth   +++.......               i - amulet of the acrobat
HPRegen 1.23/turn                B - ring "Josso" {rPois Str+4 Int+2 Dex+6}
MPRegen 0.12/turn                k - ring of ice

@: wreathed by umbra, unable to drink
A: hooves 2, horns 1, powered by death 1, spiny 1, demonic touch 2, robust 1,
weak 1, inability to drink after injury 1, sturdy frame 1
a: Renounce Religion, Shadow Step


You were in an ice cave.
You worshipped Dithmenos.
Dithmenos was pleased with you.
You visited 2 branches of the dungeon, and saw 11 of its levels.
You also visited: Ice Cave.

You collected 428 gold pieces.
You spent 344 gold pieces at shops.

Inventory:

Hand Weapons
 a - a +0 rapier
 d - a +3 dagger of venom
 x - a +1 antimagic short sword
 D - the +4 long sword "Ymonywem" (weapon) {flame, rCorr Int+3}
   (You found it on level 7 of the Dungeon)

   It burns those it strikes, dealing additional fire damage.
   Big, fiery blades are also staple armaments of hydra-hunters.
   Int:       It affects your intelligence (+3).
   rCorr:     It protects you from acid and corrosion.
 F - the +6 sling "Epraiq" {venom, rN+ Will- Dex+5}
   (You took it off an orc on level 3 of the Dungeon)

   Any ammunition fired from it poisons the flesh of those it strikes.
   Dex:       It affects your dexterity (+5).
   rN:        It protects you from negative energy.
   Will:      It decreases your willpower.
Missiles
 e - 7 javelins (quivered)
 j - 4 throwing nets
Armour
 b - a +0 leather armour
 c - a +0 helmet
 n - a +2 chain mail of cold resistance (worn)
 M - a +2 scale mail of willpower
Jewellery
 i - an amulet of the acrobat (around neck)
 k - a ring of ice (right hand)
 B - the ring "Josso" (left hand) {rPois Str+4 Int+2 Dex+6}
   (You found it on level 6 of the Dungeon)

   [ring of dexterity]

   Str:       It affects your strength (+4).
   Int:       It affects your intelligence (+2).
   Dex:       It affects your dexterity (+6).
   rPois:     It protects you from poison.
 C - a +6 ring of strength
Wands
 r - a wand of acid (10)
 E - a wand of roots (7)
 G - a wand of flame (24)
Scrolls
 m - 3 scrolls of magic mapping
 o - 6 scrolls of noise
 q - a scroll of silence
 t - a scroll of brand weapon
 y - 3 scrolls of enchant weapon
 H - 3 scrolls of teleportation
 K - 2 scrolls of butterflies
 L - a scroll of enchant armour
Potions
 f - 2 potions of cancellation
 g - 4 potions of berserk rage
 h - a potion of heal wounds
 l - 2 potions of haste
 p - a potion of flight
 s - 3 potions of might
 u - a potion of lignification
 v - 5 potions of curing
 w - 2 potions of attraction
 z - 2 potions of brilliance
 A - a potion of ambrosia {unknown}
 I - a potion of degeneration {unknown}
 N - a potion of resistance {unknown}


   Skills:
 - Level 6.0 Fighting
 - Level 8.0 Short Blades
 - Level 1.7 Throwing
 - Level 8.0 Dodging
 + Level 9.3 Stealth
 - Level 5.0 Evocations


You had 9 spell levels left.
You didn't know any spells.
Your spell library contained the following spells:

 Spells                   Type           Power      Damage    Failure   Level
 Sting                    Tmut/Pois      0%         1d3       89%         1
 Poisonous Vapours        Pois/Air       0%         N/A       96%         2
 Tukima's Dance           Hex            0%         N/A       99%         3
 Leda's Liquefaction      Hex/Erth       0%         N/A       100%        4
 Olgreb's Toxic Radiance  Pois           0%         N/A       100%        4
 Passage of Golubria      Tloc           0%         N/A       100%        4
 Lee's Rapid Deconstruct  Erth           0%         3d5*      100%        5
 Yara's Violent Unravell  Hex/Tmut       0%         3d3       100%        5
 Statue Form              Tmut/Erth      0%         N/A       100%        6


Dungeon Overview and Level Annotations

Branches:
Dungeon (11/15)            Temple (1/1) D:4           IceCv (1/1)
   Lair: D:8-11         Orc: D:9-12

Altars:
Ashenzari
Cheibriados
Dithmenos
Fedhas
Gozag
Hepliaklqana
Kikubaaqudgha
Makhleb
Nemelex Xobeh
Okawaru
Qazlal
Ru
Sif Muna
Trog
Uskayaw
Vehumet
Wu Jian
Xom
Yredelemnul

Shops:
D:8 =?**?   D:10 !(*


Innate Abilities, Weirdness & Mutations

You have hoof-like feet.
You have a pair of small horns on your head.
You regenerate a little health from kills.
You are partially covered in sharp spines.
Your touch may inflict irresistible damage on your foes.
You are robust. (+10% HP)
You are weak. (Str -2)
You occasionally lose the ability to drink potions when taking damage.
Your movements are slightly less encumbered by armour. (ER -2)


Message History

Dithmenos accepts your kill.
Unknown command.
You slash the death yak simulacrum!
You melt the death yak simulacrum!
You touch the death yak simulacrum!
The death yak simulacrum is severely damaged.
The death yak simulacrum gores you! The death yak simulacrum freezes you!
You resist.
You feel threatened and lose the ability to drink potions!
* * * LOW HITPOINT WARNING * * *
The two-headed ogre simulacrum misses you. x2
You hit the death yak simulacrum but do no damage.
You kick the death yak simulacrum, but do no damage.
You touch the death yak simulacrum!
The death yak simulacrum vaporises!
Dithmenos accepts your kill.
Unknown command.
You hit the death yak simulacrum but do no damage.
The two-headed ogre simulacrum hits you.
* * * LOW HITPOINT WARNING * * *
The two-headed ogre simulacrum freezes you!
You resist.
* * * LOW HITPOINT WARNING * * *
The two-headed ogre simulacrum hits you but does no damage.
You hit the death yak simulacrum.
You melt the death yak simulacrum.
You kick the death yak simulacrum.
The death yak simulacrum is moderately damaged.
The death yak simulacrum gores you but does no damage.
The two-headed ogre simulacrum is struck by your spines.
The two-headed ogre simulacrum hits you.
* * * LOW HITPOINT WARNING * * *
The two-headed ogre simulacrum freezes you.
You resist.
* * * LOW HITPOINT WARNING * * *
The two-headed ogre simulacrum barely misses you.
You can drink potions again.
You feel much better. The death yak simulacrum gores you!
You feel threatened and lose the ability to drink potions!
* * * LOW HITPOINT WARNING * * *
The death yak simulacrum freezes you! You resist.
You die...

#..# ...# #### ....##
##..## #### .....#
##....#####..## #.....#
#.......##..Z.##.......
#.∩.∩.....@Z#..........
#..........###.........
##....##..## ###......#
##..###### #.....# ####
.....# ...## ..## ##


You could see a death yak simulacrum and a two-headed ogre simulacrum.

Vanquished Creatures
  The ghost of siradein the Fighter, a novice VSCA of Ignis (D:6)
  Pikel (D:6)
  2 rime drakes (D:11)
  Psyche (D:10)
  A hornet (D:5)
  A wraith (D:10)
  2 vampires
  5 yaks (D:7)
  2 steam dragons
  2 death yak simulacra (IceCv)
  2 vampire mosquitoes (D:11)
  4 swamp worms (D:10)
  An acid dragon (D:10)
  2 black bears (D:5)
  An ice beast (D:8)
  An orc warrior (D:8)
  A sky beast (D:6)
  An ogre (D:4)
  The ghost of NinjaNoafa the Magician, an amateur PaHW (D:3)
  3 centaurs
  3 lemures (D:6)
  2 gnoll sergeants (D:10)
  2 bullfrogs
  A cane toad simulacrum (IceCv)
  An elephant simulacrum (IceCv)
  5 quasits (D:6)
  3 orc priests
  3 hounds
  2 jellies (D:4)
  Crazy Yiuf (D:3)
  4 iguanas
  5 orc wizards
  A polar bear simulacrum (IceCv)
  A spriggan simulacrum (IceCv)
  A troll simulacrum (IceCv)
  3 wolf simulacra (IceCv)
  Robin (D:2)
  5 adders
  10 gnolls
  A naga simulacrum (IceCv)
  A white imp (D:5)
  2 ufetubi
  3 worms
  2 dart slugs (D:2)
  33 orcs
  4 ball pythons
  9 endoplasms
  2 giant cockroaches
  19 goblins
  7 hobgoblins
  4 jackals
  2 quokkas
  8 bats
  4 frilled lizards (D:1)
  7 kobolds
  6 rats
203 creatures vanquished.

Vanquished Creatures (collateral kills)
  Grinder (D:6)
  An iguana (D:6)
2 creatures vanquished.

Vanquished Creatures (others)
  2 orcs (D:7)
  4 plants (D:10)
6 creatures vanquished.

Grand Total: 211 creatures vanquished

Notes
Turn   | Place    | Note
-------+----------+-------------------------------------------
     0 | D:1      | Newt the Demonspawn Gladiator began the quest for the Orb.
     0 | D:1      | Reached XP level 1. HP: 16/16 MP: 1/1
   127 | D:1      | Reached skill level 1 in Stealth
   436 | D:1      | Gained mutation: You are partially covered in sharp spines.
                  | [demonic ancestry]
   436 | D:1      | Reached XP level 2. HP: 14/22 MP: 2/2
   793 | D:1      | Reached skill level 2 in Stealth
  1035 | D:1      | Discovered your monstrous ancestry.
  1035 | D:1      | Gained mutation: Your touch may inflict minor irresistible
                  | damage on your foes. [demonic ancestry]
  1035 | D:1      | Reached XP level 3. HP: 27/27 MP: 3/3
  1036 | D:1      | Found a faded altar of an unknown god.
  1289 | D:2      | Gained mutation: You regenerate a little health from kills.
                  | [demonic ancestry]
  1289 | D:2      | Reached XP level 4. HP: 25/33 MP: 4/4
  1622 | D:2      | Noticed Robin
  1630 | D:2      | Killed Robin
  2357 | D:3      | Reached XP level 5. HP: 29/41 MP: 5/5
  2651 | D:3      | Found a runed translucent gate.
  2652 | D:3      | Found a runed translucent gate.
  2654 | D:3      | Found a runed translucent gate.
  2655 | D:3      | Noticed NinjaNoafa's ghost (amateur PaHW)
  2658 | D:3      | Identified the +6 sling "Epraiq" {venom, rN+ Will- Dex+5}
  2799 | D:3      | Found a runed translucent door.
  2800 | D:3      | Noticed Crazy Yiuf
  3175 | D:4      | Noticed an ogre
  3179 | D:4      | Killed an ogre
  3180 | D:4      | Gained mutation: You have a pair of small horns on your
                  | head. [demonic ancestry]
  3180 | D:4      | Reached XP level 6. HP: 48/48 MP: 6/6
  3399 | D:4      | Found a staircase to the Ecumenical Temple.
  3413 | Temple   | Entered the Ecumenical Temple
  3685 | Temple   | Became a worshipper of Dithmenos the Shadowed
  3835 | D:5      | Entered Level 5 of the Dungeon
  3952 | D:5      | Reached skill level 5 in Short Blades
  4013 | D:5      | Gained mutation: You have large cloven feet. [demonic
                  | ancestry]
  4013 | D:5      | Reached XP level 7. HP: 45/54 MP: 7/7
  4078 | D:5      | Reached skill level 3 in Stealth
  4474 | D:6      | Noticed a hornet
  4487 | D:5      | Killed a hornet
  4488 | D:5      | Reached skill level 5 in Stealth
  4488 | D:5      | Gained mutation: Your touch may inflict irresistible damage
                  | on your foes. [demonic ancestry]
  4488 | D:5      | Reached XP level 8. HP: 29/60 MP: 8/8
  4762 | D:6      | Found a transporter.
  4772 | D:6      | Found a transporter.
  4870 | D:6      | Noticed siradein's ghost (novice VSCA)
  5126 | D:6      | Noticed Pikel
  5139 | D:6      | Noticed Grinder
  5158 | D:6      | Killed Grinder
  5159 | D:6      | Reached skill level 6 in Stealth
  5178 | D:6      | Killed Pikel
  5179 | D:6      | Reached skill level 8 in Stealth
  5180 | D:6      | Reached skill level 5 in Fighting
  5461 | D:6      | Found a stormy altar of Qazlal.
  5461 | D:6      | Found a basalt altar of Yredelemnul.
  5906 | D:7      | Gained mutation: You have hoof-like feet. [demonic
                  | ancestry]
  5906 | D:7      | Reached XP level 9. HP: 57/69 MP: 9/9
  5918 | D:7      | Reached skill level 5 in Dodging
  6269 | D:7      | Identified the +4 long sword "Ymonywem" {flame, rCorr
                  | Int+3}
  7084 | D:6      | Killed siradein's ghost
  7096 | D:6      | Identified the ring "Josso" {rPois Str+4 Int+2 Dex+6}
  7250 | D:3      | Killed Crazy Yiuf
  7376 | D:3      | Killed NinjaNoafa's ghost
  7377 | D:3      | Reached skill level 1 in Evocations
  7378 | D:3      | Reached * piety under Dithmenos
  7546 | D:8      | Found a shimmering blue altar of Sif Muna.
  7646 | D:8      | Found Ewkauq's Magic Scroll Shop.
  7666 | D:8      | Reached XP level 10. HP: 55/76 MP: 10/10
  7668 | D:8      | Bought a scroll of teleportation for 42 gold pieces
  7668 | D:8      | Bought a scroll of identify for 28 gold pieces
  7669 | D:8      | Gained mutation: You occasionally lose the ability to drink
                  | potions when taking damage. [potion of mutation]
  7669 | D:8      | Gained mutation: You are dopey. (Int -2) [potion of
                  | mutation]
  7669 | D:8      | Gained mutation: You have an increased reservoir of magic.
                  | (+10% MP) [potion of mutation]
  7670 | D:8      | Lost mutation: You are dopey. (Int -2) [potion of mutation]
  7670 | D:8      | Lost mutation: You have an increased reservoir of magic.
                  | (+10% MP) [potion of mutation]
  7670 | D:8      | Gained mutation: You expend magic power (3 MP) to
                  | strengthen your wands. [potion of mutation]
  7670 | D:8      | Gained mutation: You are weak. (Str -2) [potion of
                  | mutation]
  7670 | D:8      | Gained mutation: Your magical capacity is low. (-10% MP)
                  | [potion of mutation]
  7671 | D:8      | Lost mutation: You expend magic power (3 MP) to strengthen
                  | your wands. [potion of mutation]
  7671 | D:8      | Lost mutation: Your magical capacity is low. (-10% MP)
                  | [potion of mutation]
  7671 | D:8      | Gained mutation: You are robust. (+10% HP) [potion of
                  | mutation]
  7671 | D:8      | Gained mutation: Your movements are slightly less
                  | encumbered by armour. (ER -2) [potion of mutation]
  7794 | D:8      | Found Eczexaept's Jewellery Boutique.
  7911 | D:8      | Found Nuapu's Assorted Antiques.
  7920 | D:8      | Bought a scroll labelled ONICUO WI FUORR for 18 gold pieces
  7920 | D:8      | Bought a scroll of identify for 36 gold pieces
  7971 | D:8      | Found Jesem's Magic Scroll Boutique.
  7979 | D:8      | Bought a scroll of brand weapon for 123 gold pieces
  7979 | D:8      | Bought a scroll of identify for 26 gold pieces
  7979 | D:8      | Bought a scroll of identify for 26 gold pieces
  7984 | D:8      | Found Joc Fojy's Assorted Antiques.
  8051 | D:8      | You fall into a shaft and drop 2 floors!
  8051 | D:10     | Entered Level 10 of the Dungeon
  8132 | D:10     | Found Xelusuj's Antique Weapon Boutique.
  8148 | D:10     | Found Canoeq's Distillery.
  8161 | D:10     | Bought a potion of curing for 45 gold pieces
  8175 | D:10     | Reached skill level 5 in Evocations
  8201 | D:10     | Noticed Psyche
  8210 | D:10     | Killed Psyche
  8383 | D:10     | Reached ** piety under Dithmenos
  8532 | D:10     | HP: 2/83 [some deep water collision (13)]
  9019 | D:10     | Found Qeileso's General Store.
  9532 | D:10     | Found a broken altar of Ashenzari.
  9697 | D:11     | Found a frozen archway.
  9706 | IceCv    | Entered an ice cave
  9785 | IceCv    | Reached skill level 9 in Stealth
  9790 | IceCv    | HP: 3/83 [two-headed ogre simulacrum (6)]
  9793 | IceCv    | Slain by a death yak simulacrum

Illustrated notes

Levels and vault maps discovered:
D:1:      co_arrival_square_in_a_square_in_a_square, layout_rooms,
          dreamdust_ecumenical_altar_hidden_monk_grotto
D:2:      mumra_celtic_spiral_tile, layout_loops_ring, uniq_robin
D:3:      layout_loops_ring, biasface_ghost_orc_armoury, uniq_crazy_yiuf_cottage
D:4:      layout_cave_pools, minmay_temple_entry_statues_fountains,
          minmay_box_of_dots
D:5:      layout_basic, mainiacjoe_overflow_alcove_1
D:6:      layout_basic, gammafunk_temple_overflow_elements,
          gammafunk_ghost_stat_death, uniq_grinder, uniq_pikel
D:7:      layout_loops_corners
D:8:      layout_rooms, mainiacjoe_overflow_catwalk, serial_shops,
          nicolae_stop_n_shop_2, shop, shop, shop_scrolls, shop,
          nicolae_elevator_lobby_plus
D:10:     layout_basic, lemuel_coloured_pillars_altar, serial_shops,
          nicolae_diamond_shop, nicolae_shop_stone, nicolae_square_shop,
          worms_lemuel, uniq_psyche
D:11:     minmay_sliced_demisemicircle, layout_gridville, portal_ice_cave_rime
Temple:   bh_familiar_temple
IceCv:    ice_cave_small_necro

Skill      XL: |  1  2  3  4  5  6  7  8  9 10 |
---------------+-------------------------------+-----
Stealth        | 1 2 5 8 9 |  9.3
Short Blades   | 3 4 5 6 8 |  8.0
Fighting       | 3 4 5 6 |  6.0
Dodging        | 4 8 |  8.0
Evocations     | 2 5 |  5.0
Throwing       | |  1.7

Action                   |  1- 3 |  4- 6 |  7- 9 | 10-12 || total
-------------------------+-------+-------+-------+-------++-------
Melee: Rapier            |     8 |       |       |       ||     8
       Dagger            |    70 |   111 |   172 |    90 ||   443
       Punch             |     1 |     1 |     4 |     1 ||     7
       Touch             |     4 |    24 |    35 |    21 ||    84
       Headbutt          |       |     5 |    35 |    24 ||    64
       Kick              |       |       |    58 |    38 ||    96
       Long sword        |       |       |       |    14 ||    14
       Short sword       |       |       |       |     7 ||     7
Throw: Throwing net      |     3 |       |     2 |       ||     5
       Javelin           |       |       |     1 |       ||     1
  Use: Scroll            |     1 |     8 |     7 |    10 ||    26
       Potion            |       |       |     2 |     4 ||     6
 Stab: Sleeping          |     2 |     8 |     1 |     4 ||    15
       Held in net/web   |       |       |     1 |       ||     1
Armor: Leather armour    |    12 |     9 |    25 |     1 ||    47
       Chain mail        |       |       |       |     5 ||     5
       Scale mail        |       |       |       |     3 ||     3
Dodge: Dodged            |    36 |    72 |   143 |    81 ||   332

Table legend: (Time is in decaauts)
 A = Elapsed time spent in this place.
 B = Non-inter-level travel time spent in this place.
 C = Inter-level travel time spent in this place.
 D = Time resting spent in this place.
 E = Time spent auto-exploring this place.
 F = Levels seen in this place.
 G = Mean time per level.
                   A        B        C        D        E       F      G
               +--------+--------+--------+--------+--------+-----+--------+
         Total |   9686 |   9203 |    483 |   1711 |   6186 |  12 |  807.2 |
       Dungeon |   9305 |   8859 |    446 |   1711 |   5931 |  10 |  930.5 |
        Temple |    298 |    261 |     37 |      0 |    255 |   1 |  298.0 |
      Ice Cave |     82 |     82 |      0 |      0 |      0 |   1 |   82.0 |
               +--------+--------+--------+--------+--------+-----+--------+

Top non-repeatable levels by time:
    D:10: 1588 daAuts
     D:1: 1208 daAuts
     D:7: 1203 daAuts
     D:6: 1188 daAuts
     D:3: 1026 daAuts
     D:2: 1001 daAuts
     D:5: 965 daAuts
     D:8: 535 daAuts
     D:4: 531 daAuts
  Temple: 298 daAuts
   IceCv: 82 daAuts
    D:11: 56 daAuts
